 Dungeon Crawl Stone Soup version 0.19-a0-1856-g32653aa (webtiles) character file.

20 PurpleRed the Magician (level 3, 0/19 HPs)
             Began as a Kobold Wizard on Oct 11, 2016.
             Slain by an adder (3 damage)
             ... on level 3 of the Dungeon.
             The game lasted 00:03:04 (359 turns).

PurpleRed the Magician (Kobold Wizard)               Turns: 359, Time: 00:03:05

Health: 0/19       AC:  3    Str:  4    XL:     3   Next: 0%
Magic:  3/8        EV: 15    Int: 20    God:
Gold:   14         SH:  0    Dex: 13    Spells: 3 memorised, 3 levels left

rFire  . . .     SeeInvis .     i - -1 short sword (curse)
rCold  . . .     Gourm    .     a - +0 robe
rNeg   . . .     Faith    .     (shield restricted)
rPois  .         Spirit   .     b - +0 hat
rElec  .         Dismiss  .     (no cloak)
rCorr  .         Reflect  .     (no gloves)
MR     .....     Harm     .     g - +0 pair of boots (curse)
Stlth  ++........               (no amulet)
                                (no ring)
                                (no ring)

@: no status effects
A: carnivore 3
a: no special abilities


You were on level 3 of the Dungeon.
You were not hungry.

You visited 1 branch of the dungeon, and saw 3 of its levels.

You collected 14 gold pieces.

Inventory:

Hand Weapons
 h - a +0 short sword
 i - a cursed -1 short sword (weapon)
Armour
 a - a +0 robe (worn)
 b - a +0 hat (worn)
 g - a cursed +0 pair of boots (worn)
Scrolls
 f - 2 scrolls of enchant weapon {unknown}
 j - a scroll of random uselessness {unknown}
 l - a scroll of magic mapping {unknown}
Potions
 e - a potion of flight {unknown}
 m - 2 potions of haste {unknown}
Books
 c - a book of Minor Magic

   Spells                             Type                      Level
   a - Magic Dart                     Conjuration                  1
   b - Blink                          Translocation                2
   c - Call Imp                       Summoning                    2
   d - Repel Missiles                 Charms/Air                   2
   e - Slow                           Hexes                        2
   f - Conjure Flame                  Conjuration/Fire             3
   g - Mephitic Cloud                 Conjuration/Poison/Air       3
Comestibles
 d - 4 meat rations
 k - a slice of pizza


   Skills:
 - Level 2.4 Dodging
 - Level 2.6 Stealth
 + Level 3.5 Spellcasting
 + Level 2.3 Conjurations
 + Level 1.0 Summonings
   Level 1.0 Translocations


You had 3 spell levels left.
You knew the following spells:

 Your Spells              Type           Power        Failure   Level  Hunger
a - Magic Dart            Conj           ##..         6%          1    None
b - Call Imp              Summ           #.......     17%         2    ##.....
c - Mephitic Cloud        Conj/Pois/Air  #.......     30%         3    ###....


Dungeon Overview and Level Annotations

Branches:
Dungeon (3/15)

Altars:


Innate Abilities, Weirdness & Mutations

You are small and have problems with some larger weapons.
You are carnivorous and can eat meat at any time.


Message History

The magic dart hits the adder.
The adder is moderately wounded.
The adder bites you.
Casting: Magic Dart
Confirm with . or Enter, or press ? or * to list all spells.
Aiming: Magic Dart
Press: ? - help, Shift-Dir - straight line, f/p - adder
Aim: an adder (lightly wounded)
The magic dart hits the adder.
The adder is moderately wounded.
The adder bites you.
* * * LOW HITPOINT WARNING * * *
The adder closely misses you.
You barely miss the adder.
The adder is moderately wounded.
The adder barely misses you.
Your iron imp hits the adder.
You closely miss the adder.
The adder is heavily wounded.
The adder bites you.
You die...

.......#.#..#........
....................#
.......##.###......##..
.......#..###..........
.......#...........#..#
.......................
##.....................
#...###.####..........
.# #. #.@S./..... ##
#..5....... ####.......
....... ....... #......
...... ....##


You could see an adder and a friendly iron imp.

Vanquished Creatures
  A ball python (D:1)
  A bat (D:1)
  A giant cockroach (D:1)
  A hobgoblin (D:1)
  3 jackals (D:1)
  3 kobolds
  4 frilled lizards
  3 goblins
  A rat (D:1)
18 creatures vanquished.

Vanquished Creatures (collateral kills)
  A hobgoblin (D:2)
1 creature vanquished.

Grand Total: 19 creatures vanquished

Notes
Turn   | Place    | Note
-------+----------+-------------------------------------------
     0 | D:1      | PurpleRed the Kobold Wizard began the quest for the Orb.
     0 | D:1      | Reached XP level 1. HP: 10/10 MP: 4/4
   115 | D:2      | Reached XP level 2. HP: 15/15 MP: 0/6
   292 | D:2      | Learned a level 2 spell: Call Imp
   314 | D:1      | Reached XP level 3. HP: 7/19 MP: 1/8
   319 | D:1      | Learned a level 3 spell: Mephitic Cloud
   359 | D:3      | Slain by an adder

Vault maps used:
D:1:      minmay_arrival_shattered_statue
D:2:      uniq_sigmund, uniq_iyjb
D:3:      nicolae_overflow_hidden_temple, hex_large

Skill      XL: |  1  2 |
---------------+-------+-----
Conjurations   | 2 |  2.3
Dodging        | |  2.4
Stealth        | |  2.6
Spellcasting   | |  3.5
Summonings     | |  1.0
Translocations | |  1.0

Action                   || total
-------------------------++-------
Melee: Short sword       ||    45
 Cast: Magic Dart        ||    29
       Call Imp          ||     2
Armor: Robe              ||    20
Dodge: Dodged            ||    71
